 Dungeon Sprint DCSS version 0.32-a0-473-gd044c6f0f0 (webtiles) character file.

Game seed: 6546849855948898565

23 rocky1 the Covered (level 2, -4/29 HPs)
             Began as a Mountain Dwarf Fighter on Feb 26, 2024.
             Was an Initiate of Okawaru.
             Killed from afar by a rime drake (15 damage)
             ... with an icy flash freeze
             ... in the Dungeon (Sprint V: "Ziggurat Sprint").
             The game lasted 00:02:01 (518 turns).

rocky1 the Covered (Mountain Dwarf Fighter)          Turns: 518, Time: 00:02:01

Health: -4/29      AC: 19    Str: 18    XL:     2   Next: 75%
Magic:  5/5        EV:  1    Int:  8    God:    Okawaru [......]
Gold:   0          SH:  4    Dex:  9    Spells: 1/1 levels left

rFire   + . .        E - +5 broad axe
rCold   + . .        c - +0 buckler
rNeg    . . .        C - +5 gold dragon scales
rPois   +            (no helmet)
rElec   .            (no cloak)
rCorr   .            (no gloves)
SInv    .            (no boots)
Will    .....        (no amulet) Stlth
                     (no ring)
HPRegen 0.24/turn    (no ring)
MPRegen 0.09/turn

%: no teleportation
@: no status effects
A: runic magic, artefact enchanting
a: Renounce Religion


You were in the Dungeon.
You worshipped Okawaru.
Okawaru was noncommittal.
You visited 1 branch

Inventory:

Hand Weapons
 a - a +0 war axe
 D - a +5 battleaxe
 E - a +5 broad axe (weapon)
 F - a +5 executioner's axe
 G - the +16 obsidian axe {drain, demonic, Mesm ^Drain Fly SInv}
   (You found it in the Dungeon)

   Mesm:      Its wielder is mesmerised by any visible foes, and it cannot be
   unequipped while any foes are visible.
   SInv:      It lets you see invisible.
   Fly:       It grants you flight.
   ^Drain:    It drains your maximum health when unequipped.
Armour
 b - a +0 scale mail
 c - a +0 buckler (worn)
 B - a +5 crystal plate armour
 C - +5 gold dragon scales (worn)
Jewellery
 s - a ring of flight
 t - a +6 ring of dexterity
 u - a +6 ring of dexterity
 v - a +6 ring of intelligence
 w - a +6 ring of intelligence
 x - a +6 ring of strength
 y - a +6 ring of strength
Wands
 z - a wand of mindburst (7)
 A - a wand of light (7)
Scrolls
 j - 4 scrolls of blinking
 o - 4 scrolls of amnesia
 p - 7 scrolls of fog
 q - 5 scrolls of identify
 r - 2 scrolls of fear
Potions
 d - 6 potions of might
 e - 10 potions of curing
 f - 9 potions of heal wounds
 g - 6 potions of haste
 h - 7 potions of magic
 i - 3 potions of berserk rage
 k - 2 potions of brilliance
 l - 2 potions of invisibility
 m - 4 potions of resistance


   Skills:
 + Level 5.1 Fighting
 + Level 4.7 Axes
 + Level 5.2 Armour
 + Level 5.1 Shields
 + Level 4.1 Invocations


You had one spell level left.
You didn't know any spells.
Your spell library was empty.

Dungeon Overview and Level Annotations

Branches:
Dungeon (1/1)

Altars:
Ashenzari
Cheibriados
Dithmenos
Elyvilon
Fedhas
Gozag
Hepliaklqana
Kikubaaqudgha
Makhleb
Nemelex Xobeh
Okawaru
Qazlal
Ru
Sif Muna
Trog
Uskayaw
Vehumet
Wu Jian
Xom
Yredelemnul
Zin
The Shining One
Beogh
Jiyva
Lugonu

Annotations:
D 1 transporter


Innate Abilities, Weirdness & Mutations

Your spellcasting is much less encumbered by armour.
You can use scrolls of enchantment on lesser artefacts.


Message History

Okay, then.
The rime drake breathes ice at you. The icy flash freeze hits you!
You partially resist.
Ouch! That really hurt!
You are encased in ice.
Unknown command.
You feel much better.
You hit the steam dragon but do no damage.
The steam dragon bites you but does no damage.
The steam dragon claws you. You block the steam dragon's attack.
The steam dragon claws you but does no damage.
You slash the steam dragon!
The steam dragon is heavily wounded.
You closely miss the rime drake. You hit the rime drake.
The ice encasing you melts away. The rime drake breathes ice at you.
The icy flash freeze hits you! You partially resist.
You are encased in ice.
The rime drake bites you but does no damage.
The steam dragon bites you!
The steam dragon claws you but does no damage.
The rime drake bites you but does no damage. x2
You hit the steam dragon but do no damage.
The steam dragon is heavily wounded.
You slash the rime drake! You hit the rime drake.
The rime drake bites you but does no damage. x2
The steam dragon bites you but does no damage.
The steam dragon claws you but does no damage.
Unknown command.
You slash the steam dragon!
The steam dragon is almost dead.
You hit the rime drake. You slash the rime drake!
The ice encasing you melts away. You block the rime drake's attack. x2
The steam dragon bites you but does no damage.
The steam dragon claws you but does no damage.
The rime drake breathes ice at you. The icy flash freeze hits you!
You partially resist.
Ouch! That really hurt!
You die...

▓▓▓▓▓▓▓▓▓▓▓▓▓
▓.ß©ß.▓.ß©ß.▓
▓.}?|.▓.....▓
▓.....▓.|.).▓
▓.....▓.....▓
▓..Dk.▓.....▓
▓.k@..▓..©..▓
▓..©..▓▓▓▓▓▓▓
▓▓▓▓▓▓▓


You could see 2 rime drakes and a steam dragon.

Vanquished Creatures
  A shadow imp (D)
  A white imp (D)
2 creatures vanquished.

Notes
Turn   | Place    | Note
-------+----------+-------------------------------------------
     0 | D        | rocky1 the Mountain Dwarf Fighter began the quest for the
                  | Orb.
     0 | D        | Reached XP level 1. HP: 19/19 MP: 1/1
     0 | D        | Found a shimmering blue altar of Sif Muna.
     0 | D        | Found a bloodstained altar of Trog.
     0 | D        | Found a sacrificial altar of Ru.
     0 | D        | Found a stormy altar of Qazlal.
     0 | D        | Found an iron altar of Okawaru.
     1 | D        | Found a sparkling altar of Nemelex Xobeh.
     1 | D        | Found a blossoming altar of Fedhas.
     1 | D        | Found the +6 Majin-Bo {spellvamp, MP+6 Int+6}
     1 | D        | Found the +27 heavy crossbow "Sniper" {heavy, Acc+∞ SInv}
     1 | D        | Found the +10 dark maul {heavy}
     1 | D        | Found the +15 Maxwell's patent armour {-Cast -Tele rElec
                  | Will+ rCorr}
     1 | D        | Found the +18 shield of the Gong {Loud rN+ Will+ rCorr
                  | EV-5}
     1 | D        | Found the +16 obsidian axe {drain, demonic, Mesm ^Drain Fly
                  | SInv}
     1 | D        | Found the +7 great mace "Firestarter" {flame, immolate,
                  | rFlCloud rF++}
     1 | D        | Found the +6 shillelagh "Devastator" {shatter}
     1 | D        | Found the +11 plutonium sword {^Contam Stlth-}
     1 | D        | Found the +8 lance "Wyrmbane" {slay drac, rPois rF+ rC+
                  | AC+3}
     1 | D        | Found the +9 sword of Zonguldrok {reap}
     1 | D        | Found the +13 scythe of Curses {drain, curses, ^Drain}
     1 | D        | Found the +9 sword of Power {lifebolt}
     1 | D        | Found the +7 mace of Variability {chaos, chaos arc}
     1 | D        | Found the +11 Singing Sword {sonic wave}
     1 | D        | Found the +8 storm bow {elec, penet}
     3 | D        | Found a transporter.
     3 | D        | Found an ancient bone altar of Kikubaaqudgha.
     3 | D        | Found a viscous altar of Jiyva.
     3 | D        | Found a corrupted altar of Lugonu.
     3 | D        | Found a hazy altar of Hepliaklqana.
     3 | D        | Found a burning altar of Makhleb.
     3 | D        | Found an opulent altar of Gozag.
    57 | D        | Became a worshipper of Warmaster Okawaru
    69 | D        | Reached XP level 2. HP: 28/28 MP: 1/5
   119 | D        | Entered arena 2.
   119 | D        | Found a transporter.
   124 | D        | Reached skill level 5 in Fighting
   124 | D        | Reached skill level 5 in Armour
   124 | D        | Reached skill level 5 in Shields
   512 | D        | Entered arena 3.
   512 | D        | Noticed a rime drake
   512 | D        | Noticed a steam dragon
   512 | D        | Noticed a rime drake
   512 | D        | Found a transporter.
   518 | D        | Killed from afar by a rime drake

Illustrated notes

Levels and vault maps discovered:
D:        sprint_v [room_start, room_1, room_2, room_3, room_4, room_5, room_6,
          room_7, room_8, room_9, room_10, room_11, room_12, room_13, room_14,
          room_15, room_16, room_17, room_18, room_19, room_20, room_21,
          room_22, room_23, room_24, room_25, room_26, room_27]

Skill      XL: |  1  2 |
---------------+-------+-----
Fighting       | 4 5 |  5.1
Axes           | 4 |  4.7
Armour         | 4 5 |  5.2
Shields        | 4 5 |  5.1
Invocations    | 4 |  4.1

Action                     || total
---------------------------++-------
  Melee: Broad axe         ||     9
    Use: Potion            ||     2
 Armour: Gold dragon scale ||    22
  Block: Buckler           ||     6

Table legend: (Time is in decaauts)
 A = Elapsed time spent in this place.
 B = Non-inter-level travel time spent in this place.
 C = Inter-level travel time spent in this place.
 D = Time resting spent in this place.
 E = Time spent auto-exploring this place.
 F = Levels seen in this place.
 G = Mean time per level.
                   A        B        C        D        E       F      G
               +--------+--------+--------+--------+--------+-----+--------+
         Total |    520 |    520 |      0 |    424 |      0 |   1 |  520.0 |
       Dungeon |    520 |    520 |      0 |    424 |      0 |   1 |  520.0 |
               +--------+--------+--------+--------+--------+-----+--------+

Top non-repeatable levels by time:
       D: 520 daAuts
